 Dungeon Crawl Stone Soup version 0.29.1-15-g9cfb28693d (webtiles) character file.

Game seed: 12974830650195183909

11568 Gabide the Arsonist (level 11, -5/92 HPs)
             Began as a Demigod Wanderer on Apr 22, 2023.
             Slain by a death yak (27 damage)
             ... on level 9 of the Dungeon.
             The game lasted 00:32:08 (16118 turns).

Gabide the Arsonist (Demigod Wanderer)             Turns: 16118, Time: 00:32:08

Health: -5/92      AC:  7    Str:  9    XL:     11   Next: 26%
Magic:  25/25      EV: 16    Int: 30    God:
Gold:   283        SH:  5    Dex: 19    Spells: 19/23 levels left

rFire   . . .      SeeInvis .   a - +2 short sword (venom)
rCold   . . .      Faith    .   n - +0 buckler
rNeg    + + .      Spirit   .   f - +1 robe {Archmagi}
rPois   +          Reflect  .   u - +0 helmet
rElec   +          Harm     .   z - +0 cloak of the Breathing Gods {rElec rPois rN++ Slay-6}
rCorr   .          Rampage  .   I - +1 pair of gloves
Will    +....      Archmagi +   (no boots)
Stlth   ++........              (no amulet)
HPRegen 0.25/turn               r - +6 ring of dexterity
MPRegen 0.19/turn               (no ring)

@: no status effects
A: high MP 1, forlorn, divine attributes
a: no special abilities


You were on level 9 of the Dungeon.
You visited 2 branches of the dungeon, and saw 10 of its levels.

You collected 437 gold pieces.
You spent 154 gold pieces at shops.

Inventory:

Hand Weapons
 a - a +2 short sword of venom (weapon)
 b - a +8 sling of flaming
 j - a +6 dagger
Missiles
 v - a curare-tipped dart
Armour
 f - a +1 robe of the Archmagi (worn)
 n - a +0 buckler (worn)
 u - a +0 helmet (worn)
 x - a +1 cloak
 z - the +0 cloak of the Breathing Gods (worn) {rElec rPois rN++ Slay-6}
   (You bought it in a shop on level 5 of the Dungeon)

   Slay:      It affects your accuracy & damage with ranged weapons and melee
   (-6).
   rElec:     It insulates you from electricity.
   rPois:     It protects you from poison.
   rN:        It greatly protects you from negative energy.
 A - +0 steam dragon scales
 F - +0 acid dragon scales
 I - a +1 pair of gloves (worn)
Magical Staves
 g - a staff of earth
Jewellery
 r - a +6 ring of dexterity (left hand)
 G - a ring of ice
Wands
 d - a wand of paralysis (1)
 l - a wand of polymorph (2)
 y - a wand of mindburst (4)
Scrolls
 c - a scroll of fear
 h - 4 scrolls of butterflies
 o - 3 scrolls of teleportation
 B - a scroll of blinking
 C - a scroll of magic mapping
Potions
 e - 3 potions of attraction
 i - 3 potions of mutation
 k - a potion of degeneration {unknown}
 m - 2 potions of curing
 p - 2 potions of haste
 q - a potion of might
 s - a potion of invisibility {unknown}
 t - 3 potions of brilliance
 w - 2 potions of berserk rage
 E - 2 potions of flight
 H - 2 potions of lignification


   Skills:
 + Level 7.4 Fighting
 - Level 2.0 Polearms
 - Level 3.0 Armour
 + Level 7.3 Dodging
 - Level 3.0 Shields
 + Level 6.7 Spellcasting
 * Level 10.7 Fire Magic
 - Level 1.0 Evocations


You had 19 spell levels left.
You knew the following spells:

 Your Spells              Type           Power      Damage    Failure   Level
a - Foxfire               Conj/Fire      100%       2x1d9     1%          1
b - Ignite Poison         Fire/Tmut/Pois 47%        N/A       4%          3

Your spell library contained the following spells:

 Spells                   Type           Power      Damage    Failure   Level
 Apportation              Tloc           30%        N/A       6%          1
 Necrotise                Necr           60%        1d7       6%          1
 Summon Small Mammal      Summ           60%        N/A       6%          1
 Ensorcelled Hibernation  Hex/Ice        30%        N/A       10%         2
 Passwall                 Tmut/Erth      12%        N/A       10%         2
 Sublimation of Blood     Necr           15%        N/A       10%         2
 Wereblood                Tmut           15%        N/A       10%         2
 Swiftness                Air            15%        N/A       19%         3
 Petrify                  Tmut/Erth      15%        N/A       54%         4
 Irradiate                Conj/Tmut      7%         3d14      87%         5
 Iskenderun's Battlesphe  Conj           15%        2d7       87%         5
 Iron Shot                Conj/Erth      7%         9d2       100%        6
 Spellforged Servitor     Conj/Summ      7%         N/A       100%        7
 Summon Hydra             Summ           7%         N/A       100%        7


Dungeon Overview and Level Annotations

Branches:
Dungeon (9/15)             Temple (0/1) D:6            Lair (1/5) D:9
    Orc (0/2) D:9

Shops:
D:5 **

Annotations:
D:4 2 transporters


Innate Abilities, Weirdness & Mutations

You have an increased reservoir of magic. (+10% MP)
You shall have no god before yourself.
Your divine heritage dramatically boosts your attributes as you level up.


Message History

The death yak seems to burn from within!!!
You kill the death yak!
Unknown command.
You start resting.
Magic restored.
You start resting.
HP restored.
You climb downwards.
Welcome back to the Lair of Beasts!
The death yak gores you!! You block the death yak's attack.
There is a staircase back to the Dungeon, spattered with blood here.
The death yak gores you!
You climb upwards.
Welcome back to the Dungeon!
There is a staircase to the Lair, spattered with blood here.
You hit the death yak but do no damage.
The death yak is poisoned.
The death yak gores you.
You barely miss the death yak.
The death yak is lightly wounded.
The death yak misses you.
You hit the death yak but do no damage.
The death yak is lightly wounded.
The death yak gores you!!
You are too injured to fight recklessly!
You barely miss the death yak.
The death yak is lightly wounded.
You block the death yak's attack.
You hit the death yak but do no damage.
The death yak is lightly wounded.
The death yak gores you!
* * * LOW HITPOINT WARNING * * *
The death yak misses you.
You hit the death yak but do no damage.
The death yak is lightly wounded.
The death yak barely misses you.
You hit the death yak but do no damage.
The death yak is lightly wounded.
You block the death yak's attack.
You hit the death yak but do no damage.
The death yak is lightly wounded.
The death yak gores you!!
You die...

#÷.# ###.........# #. ##.#
#####.........).# ##' ##
#.###..P.....P......# #.. ≈≈
#.##..P.............######..
≈≈####...............P...†...##..
≈≈#.....##...............###..#..
≈≈####.##...........P....# ##.#..
≈≈ #...(P..♣.P..♣P...♣.# #.'.. ##
#.#......♣.@.P...♣..# ###..
#.##....♣...Y.......# ###
#.##.......♣.P......# #
#.###..........P.P..# # #.#
#..P..........### ###### #
###+####.......P..P#### #.....
####.......#....P........###.....
##.'.......+.#...P.......#.'>....
##.#.......#...#.........#.#.....


You could see a death yak (poisoned).

Vanquished Creatures
  Gastronok (Lair:1)
  4 death yaks (D:9)
  Joseph (D:9)
  A cane toad (Lair:1)
  A kobold demonologist (D:9)
  A troll (D:9)
  Grinder (D:6)
  Prince Ribbit (D:6)
  A hornet (D:8)
  6 yaks (D:9)
  Eustachio (D:6)
  4 wyverns (D:9)
  3 steam dragons
  Menkaure (D:6)
  An acid dragon (D:8)
  4 water moccasins
  Duvessa (D:7)
  7 orc warriors
  A sky beast (D:7)
  4 ogres
  2 black bears (D:9)
  2 wolves (D:9)
  2 phantoms
  A kobold brigand (D:6)
  3 bullfrogs
  5 gnoll sergeants
  2 scorpions
  A necrophage (D:4)
  4 wights (D:8)
  Dowan (D:7)
  11 killer bees
  A hound (D:4)
  Crazy Yiuf (D:7)
  3 jellies
  An orc priest (D:6)
  A gnoll bouda (D:7)
  5 iguanas
  3 orc wizards
  Robin (D:4)
  13 gnolls
  5 adders
  A worm (D:3)
  3 dart slugs
  31 orcs
  10 ball pythons
  9 endoplasms
  7 giant cockroaches
  4 hobgoblins
  4 jackals (D:4)
  8 quokkas
  5 bats
  3 frilled lizards
  17 goblins
  8 kobolds
  6 rats
229 creatures vanquished.

Vanquished Creatures (collateral kills)
  A wight (D:8)
  2 gnolls (D:8)
  7 foxfires
10 creatures vanquished.

Vanquished Creatures (others)
  1066 foxfires
  4 fungi
  20 plants
1090 creatures vanquished.

Grand Total: 1329 creatures vanquished

Notes
Turn   | Place    | Note
-------+----------+-------------------------------------------
     0 | D:1      | Gabide the Demigod Wanderer began the quest for the Orb.
     0 | D:1      | Gabide set off with the following items: a +2 spear, a +0
                  | pair of gloves, a scroll of fear, a +0 robe; and the
                  | following spell memorised: Foxfire; and the following
                  | spells available to memorise: Ignite Poison.
     0 | D:1      | Reached XP level 1. HP: 16/16 MP: 5/5
    69 | D:1      | Reached skill level 2 in Fire Magic
   248 | D:1      | Reached XP level 2. HP: 23/23 MP: 4/7
   634 | D:1      | Reached skill level 3 in Fire Magic
  1255 | D:2      | Reached XP level 3. HP: 28/28 MP: 2/8
  3006 | D:3      | Reached skill level 4 in Fire Magic
  3006 | D:3      | Reached XP level 4. HP: 35/35 MP: 5/9
  4208 | D:4      | Found a transporter.
  4214 | D:4      | Noticed a kobold demonologist
  4235 | D:4      | Reached XP level 5. HP: 41/41 MP: 1/10
  5018 | D:4      | Noticed an ogre
  5026 | D:4      | Killed an ogre
  5027 | D:4      | Reached XP level 6. HP: 50/50 MP: 3/12
  5140 | D:4      | Found a transporter.
  5163 | D:4      | Noticed Robin
  5180 | D:4      | Killed Robin
  5362 | D:5      | Entered Level 5 of the Dungeon
  5695 | D:5      | Reached skill level 5 in Fire Magic
  5804 | D:5      | Found Ugia's General Store.
  5808 | D:5      | Bought the +0 cloak of the Breathing Gods {rElec rPois rN++
                  | Slay-6} for 112 gold pieces
  5808 | D:5      | Bought a scroll of teleportation for 42 gold pieces
  5854 | D:5      | Found Asoli's CLEARANCE SALE!.
  6076 | D:5      | Reached skill level 1 in Shields
  6798 | D:6      | Reached XP level 7. HP: 57/57 MP: 8/14
  6916 | D:6      | Noticed Eustachio
  6935 | D:6      | Killed Eustachio
  6967 | D:6      | HP: 2/57 [orc priest/divine providence (11)]
  6987 | D:5      | Learned a level 3 spell: Ignite Poison
  7410 | D:6      | Noticed Menkaure
  7416 | D:6      | Killed Menkaure
  7417 | D:6      | Reached skill level 1 in Armour
  7886 | D:6      | Noticed Grinder
  7909 | D:6      | Killed Grinder
  7910 | D:6      | Reached XP level 8. HP: 66/66 MP: 5/16
  8314 | D:6      | Found a staircase to the Ecumenical Temple.
  8484 | D:7      | Reached skill level 6 in Fire Magic
  8490 | D:7      | Noticed Prince Ribbit
  8746 | D:6      | Killed Prince Ribbit
  9379 | D:7      | Noticed Dowan
  9383 | D:7      | Noticed Duvessa
  9389 | D:7      | Killed Duvessa
  9394 | D:7      | Killed Dowan
  9521 | D:7      | Found a runed translucent door.
  9522 | D:7      | Noticed Crazy Yiuf
  9560 | D:7      | Killed Crazy Yiuf
 10064 | D:7      | Reached XP level 9. HP: 72/72 MP: 5/18
 10301 | D:8      | Reached skill level 7 in Fire Magic
 10498 | D:8      | Reached skill level 5 in Fighting
 10792 | D:8      | Reached skill level 5 in Dodging
 10926 | D:8      | HP: 1/73 [wight/+1 great sword of freezing (5)]
 11730 | D:9      | Reached skill level 5 in Spellcasting
 11730 | D:9      | Reached skill level 8 in Fire Magic
 12204 | D:9      | Found a staircase to the Orcish Mines.
 12504 | D:8      | Reached XP level 10. HP: 31/83 MP: 14/21
 13452 | D:9      | Reached skill level 9 in Fire Magic
 14315 | D:9      | Found a staircase to the Lair.
 14738 | D:9      | Noticed Joseph
 14744 | D:9      | Killed Joseph
 14945 | Lair:1   | Entered Level 1 of the Lair of Beasts
 14945 | Lair:1   | Noticed Gastronok
 14971 | Lair:1   | HP: 3/84 [river rat[Gastronok] (3)]
 14977 | Lair:1   | Killed Gastronok
 14978 | Lair:1   | Reached skill level 10 in Fire Magic
 15262 | Lair:1   | Reached XP level 11. HP: 83/92 MP: 20/24
 15323 | Lair:1   | Noticed a death yak
 15323 | Lair:1   | Noticed a death yak
 15333 | Lair:1   | Noticed a death yak
 15357 | D:9      | Killed a death yak
 15681 | Lair:1   | Noticed a death yak
 15681 | Lair:1   | Noticed a death yak
 15682 | Lair:1   | Noticed a death yak
 15701 | D:9      | Killed a death yak
 15712 | D:9      | Killed a death yak
 16065 | D:9      | Killed a death yak
 16118 | D:9      | Slain by a death yak

Illustrated notes

Levels and vault maps discovered:
D:1:      eino_arrival_water_star, layout_loops_ring, serial_bayou_lake_a
D:2:      layout_loops_ring, basic_altar, minmay_misc_feat_doors,
          minmay_heptomino_w4
D:3:      layout_loops_ring, shapermc_ecumenical_altar_hornbeckon,
          lightli_corner_chamber
D:4:      gammafunk_wand_slinger, layout_cave_pools, uniq_robin
D:5:      layout_loops_corners, amethyst_overflow_temple_binary,
          kennysheep_mini, serial_shops, nicolae_shop_behind_doors,
          nicolae_shop_clearance
D:6:      layout_gridville, lemuel_crystal_altar, temple_hall, uniq_eustachio,
          uniq_grinder, uniq_menkaure
D:7:      layout_loops_cross, nicolae_ru_sacrificial_ziggurat, uniq_duvessa,
          uniq_prince_ribbit1, uniq_crazy_yiuf_cottage
D:8:      layout_loops_ring
D:9:      layout_roguey, marbit_many_paths, minmay_lair_entry_grove,
          kennysheep_orc_monster_closet_entryway, serial_aquarium,
          aquarium_bridge_square [aquarium_subvault_bridge,
          aquarium_subvault_window, aquarium_subvault_bridge,
          aquarium_subvault_wall], aquarium_window_corner, aquarium_window_2,
          aquarium_view_2g, aquarium_view_2a, aquarium_balcony_1a,
          aquarium_pool_1, uniq_joseph
Lair:1:   layout_regular_city, lemuel_fruit_fields, grunt_megastairs_2,
          uniq_gastronok

Skill      XL: |  1  2  3  4  5  6  7  8  9 10 11 |
---------------+----------------------------------+-----
Spellcasting   | 2 3 4 5 6 |  6.7
Fire Magic     | 2 3 4 5 6 8 10 | 10.7
Fighting       | 2 3 4 5 7 |  7.4
Dodging        | 2 3 4 5 6 7 |  7.3
Polearms       | 2 |  2.0
Shields        | 2 3 |  3.0
Armour         | 2 3 |  3.0
Evocations     | |  1.0

Action                   |  1- 3 |  4- 6 |  7- 9 | 10-12 || total
-------------------------+-------+-------+-------+-------++-------
Melee: Spear             |     5 |       |       |       ||     5
       Dagger            |       |     4 |    18 |       ||    22
       Short sword       |       |       |    87 |   143 ||   230
 Fire: Sling             |       |       |       |     8 ||     8
Throw: Dart              |       |       |     1 |     1 ||     2
 Cast: Foxfire           |   123 |   203 |   250 |    88 ||   664
       Ignite Poison     |       |       |    25 |    41 ||    66
Evoke: Wand              |       |     1 |     4 |       ||     5
  Use: Scroll            |     5 |     9 |    13 |       ||    27
       Potion            |       |       |     5 |     5 ||    10
Armor: Robe              |     5 |    11 |    30 |    38 ||    84
       Leather armour    |       |       |    26 |       ||    26
       Acid dragon scale |       |       |     3 |       ||     3
       Steam dragon scal |       |       |     1 |       ||     1
       Skin              |       |       |       |     4 ||     4
Dodge: Dodged            |    12 |    29 |   157 |   145 ||   343
Block: Buckler           |       |     8 |    59 |    62 ||   129
